MLB
LOS ANGELES ANGELS @ OAKLAND ATHLETICS
08/26/2098
 
TOP OF THE 1ST
Los Angeles Angels batting - Pitching for Oakland Athletics : LHP David Saldana
Pitching: LHP David Saldana
Batting: RHB Tom Aitken 0-0: Ball
1-0: Ball
2-0: Ground out U3 (Groundball, 34S, EV 76.9 MPH)
Batting: LHB Trevor Martz 0-0: Ball
1-0: Called Strike
1-1: Ball
2-1: Ball
3-1: Base on Balls
Batting: RHB Edgar Pirir 0-0: Foul Ball, location: 5F
0-1: Ball
1-1: Swinging Strike
1-2: Ball
2-2: Ball
3-2: Fly out, F8 (Flyball, 8RD, EV 103.8 MPH)
Batting: LHB Matt Evans 0-0: DOUBLE (Flyball, 8LXD, EV 112.5 MPH)
Trevor Martz to third
Batting: RHB Matthew Allen 0-0: Ball
1-0: Ball
2-0: Foul Ball, location: 2F
2-1: Called Strike
2-2: Foul Ball, location: 9LMF
2-2: Ball
3-2: Ground out 4-3 (Groundball, 4, EV 80.0 MPH)
Top of the 1st over - 0 runs, 1 hit, 0 errors, 2 left on base; Los Angeles 0 - Oakland 0
BOTTOM OF THE 1ST
Oakland Athletics batting - Pitching for Los Angeles Angels : LHP Mike Fife
Pitching: LHP Mike Fife
Batting: RHB Ben Celeste 0-0: Ball
1-0: Swinging Strike
1-1: Called Strike
1-2: Foul Ball, location: 2F
1-2: Ball
2-2: Strikes out looking
Batting: LHB Ivan Suarez 0-0: Called Strike
0-1: Called Strike
0-2: DOUBLE (Flyball, 89D, EV 96.9 MPH)
Batting: RHB Joey George 0-0: Swinging Strike
0-1: Fly out, F6 (Line Drive, 6D, EV 68.1 MPH)
Lined into DP, 6-4 (Line Drive, 6D, EV 68.1 MPH)
Bottom of the 1st over - 0 runs, 1 hit, 0 errors, 0 left on base; Los Angeles 0 - Oakland 0
TOP OF THE 2ND
Los Angeles Angels batting - Pitching for Oakland Athletics : LHP David Saldana
Batting: RHB David Whitehead 0-0: Called Strike
0-1: Foul Ball, location: 2F
0-2: Strikes out swinging
Batting: RHB Randy Valdez 0-0: Ball
1-0: Ball
2-0: Called Strike
2-1: DOUBLE (Line Drive, 9LD, EV 103.1 MPH)
Batting: RHB Juan Cruz 0-0: Ground out 3-1 (Groundball, 34S, EV 82.5 MPH)
Randy Valdez to third
Batting: RHB Dennis Jackson 0-0: Called Strike
0-1: Ball
1-1: SINGLE (Groundball, 34D, EV 103.8 MPH)
Randy Valdez scores
Batting: RHB Tom Aitken 0-0: Swinging Strike
0-1: Foul Ball, location: 9LMF
0-2: Ball
1-2: Strikes out swinging
Top of the 2nd over - 1 run, 2 hits, 0 errors, 1 left on base; Los Angeles 1 - Oakland 0
BOTTOM OF THE 2ND
Oakland Athletics batting - Pitching for Los Angeles Angels : LHP Mike Fife
Batting: LHB Pat Wilson 0-0: Called Strike
0-1: SINGLE (Line Drive, 8LS, EV 110.6 MPH)
Batting: RHB Randy Fowler 0-0: Ball
1-0: Foul Ball, location: 9LDF
1-1: SINGLE (Groundball, 6MD, EV 103.1 MPH)
Pat Wilson to second
Batting: RHB Jerome Bathgate 0-0: Called Strike
0-1: Reached on error, E5 (Groundball, 56S, EV 62.5 MPH)
Pat Wilson scores
Randy Fowler to third
Batting: RHB David Reichel 0-0: Ball
Passed Ball!
Randy Fowler scores
Jerome Bathgate to third
1-0: Ball
2-0: Foul Ball, location: 2F
2-1: Fly out, F9 (Flyball, 9D, EV 101.9 MPH)
Runner from 3rd tags up, SCORES, no throw by RF
Batting: LHB Gene Del Vecchio 0-0: Ball
1-0: Ball
2-0: Fly out, F8 (Line Drive, 8LD, EV 92.5 MPH)
Batting: RHB Tom Karr 0-0: Ball
1-0: Called Strike
1-1: Swinging Strike
1-2: Foul Ball, location: 2F
1-2: Strikes out swinging
Bottom of the 2nd over - 3 runs, 2 hits, 1 error, 0 left on base; Los Angeles 1 - Oakland 3
TOP OF THE 3RD
Los Angeles Angels batting - Pitching for Oakland Athletics : LHP David Saldana
Batting: LHB Trevor Martz 0-0: Ball
1-0: Swinging Strike
1-1: SINGLE (Line Drive, 9LM, EV 96.3 MPH)
Batting: RHB Edgar Pirir 0-0: Ball
1-0: Foul Ball, location: 2F
1-1: Ball
2-1: Swinging Strike
2-2: Foul Ball, location: 5FF
2-2: Foul Ball, location: 9LDF
2-2: Foul Ball, location: 5SF
2-2: SINGLE (Groundball, 34D, EV 110.6 MPH)
Trevor Martz to second
Runner from 2nd tries for 3rd, SAFE, no throw by RF
Batting: LHB Matt Evans 0-0: Called Strike
0-1: Swinging Strike
0-2: Strikes out swinging
Batting: RHB Matthew Allen 0-0: Ball
1-0: Ball
2-0: SINGLE (Line Drive, 8LS, EV 88.8 MPH)
Trevor Martz scores
Edgar Pirir to second
Batting: RHB David Whitehead 0-0: Called Strike
0-1: Ball
1-1: Grounds into double play, 5-4-3 (Groundball, 56, EV 93.1 MPH)
Top of the 3rd over - 1 run, 3 hits, 0 errors, 1 left on base; Los Angeles 2 - Oakland 3
BOTTOM OF THE 3RD
Oakland Athletics batting - Pitching for Los Angeles Angels : LHP Mike Fife
Batting: RHB Ben Celeste 0-0: Swinging Strike
0-1: Swinging Strike
0-2: Strikes out swinging
Batting: LHB Ivan Suarez 0-0: SINGLE (Groundball, 6S, EV 74.4 MPH) (infield hit)
Batting: RHB Joey George 0-0: Ball
1-0: SINGLE (Line Drive, 3D, EV 102.5 MPH)
Ivan Suarez to second
Batting: LHB Pat Wilson 0-0: Called Strike
0-1: Ball
1-1: Foul Ball, location: 3FF
1-2: Foul Ball, location: 2F
1-2: Ball
2-2: Ground out 6-3 (Groundball, P, EV 80.6 MPH)
Ivan Suarez to third
Joey George to second
Batting: RHB Randy Fowler 0-0: Called Strike
0-1: Ball
1-1: Foul Ball, location: 5F
1-2: Foul Ball, location: 2F
1-2: Ball
2-2: Strikes out swinging
Bottom of the 3rd over - 0 runs, 2 hits, 0 errors, 2 left on base; Los Angeles 2 - Oakland 3
TOP OF THE 4TH
Los Angeles Angels batting - Pitching for Oakland Athletics : LHP David Saldana
Batting: RHB Randy Valdez 0-0: Ground out 6-3 (Groundball, 6D, EV 105.0 MPH)
Batting: RHB Juan Cruz 0-0: Swinging Strike
0-1: Ball
1-1: Foul Ball, location: 2F
1-2: Ball
2-2: Strikes out swinging
Batting: RHB Dennis Jackson 0-0: Ball
1-0: SINGLE (Groundball, 34D, EV 101.3 MPH)
Batting: RHB Tom Aitken 0-0: Swinging Strike
0-1: Ball
1-1: Ball
2-1: Ball
3-1: Fly out, F9 (Flyball, 9S, EV 92.5 MPH)
Top of the 4th over - 0 runs, 1 hit, 0 errors, 1 left on base; Los Angeles 2 - Oakland 3
BOTTOM OF THE 4TH
Oakland Athletics batting - Pitching for Los Angeles Angels : LHP Mike Fife
Batting: RHB Jerome Bathgate 0-0: DOUBLE (Flyball, 8LXD, EV 106.3 MPH)
Batting: RHB David Reichel 0-0: Called Strike
0-1: Ball
1-1: Swinging Strike
1-2: Ball
2-2: SINGLE (Groundball, 4D, EV 104.4 MPH)
Jerome Bathgate to third
Batting: LHB Gene Del Vecchio 0-0: Ball
1-0: Ball
2-0: Fielders Choice at 2nd, 1-4 (Groundball, 15S, EV 64.4 MPH)
Batting: RHB Tom Karr 0-0: Ball
1-0: Called Strike
1-1: Fielders Choice at 2nd, 4-6 (Groundball, 4S, EV 87.5 MPH)
Jerome Bathgate scores
Batting: RHB Ben Celeste 0-0: Called Strike
0-1: Foul Ball, location: 5FF
0-2: SINGLE (Groundball, 6MD, EV 108.8 MPH)
Tom Karr to second
Runner from 2nd tries for 3rd, SAFE, no throw by CF
Batting: LHB Ivan Suarez 0-0: Ball
1-0: Ball
2-0: Ball
3-0: DOUBLE (Line Drive, 3D, EV 105.0 MPH)
Tom Karr scores
Ben Celeste to third
Pitching: RHP Paul Pickel
Batting: RHB Joey George 0-0: Foul Ball, location: 2F
0-1: TRIPLE (Line Drive, 89XD, EV 101.3 MPH)
Ben Celeste scores
Ivan Suarez scores
Batting: LHB Pat Wilson 0-0: Ball
1-0: Ground out 4-3 (Groundball, 4, EV 78.1 MPH)
Bottom of the 4th over - 4 runs, 5 hits, 0 errors, 1 left on base; Los Angeles 2 - Oakland 7
TOP OF THE 5TH
Los Angeles Angels batting - Pitching for Oakland Athletics : LHP David Saldana
Batting: LHB Trevor Martz 0-0: Ball
1-0: Called Strike
1-1: Ball
2-1: Ball
3-1: Called Strike
3-2: SINGLE (Groundball, 6MD, EV 98.8 MPH)
Batting: RHB Edgar Pirir 0-0: Called Strike
0-1: Ball
1-1: Swinging Strike
1-2: Strikes out swinging
Batting: LHB Matt Evans 0-0: Foul Ball, location: 7LMF
0-1: Foul Ball, location: 5F
0-2: Strikes out swinging
Batting: RHB Matthew Allen 0-0: Foul Ball, location: 2LF
0-1: DOUBLE (Line Drive, 9LS, EV 103.8 MPH)
Trevor Martz to third
Batting: RHB David Whitehead 0-0: SINGLE (Groundball, 4D, EV 96.3 MPH)
Trevor Martz scores
Matthew Allen to third
Runner from 3rd tries for Home, SAFE, throw by CF to home
Batting: RHB Randy Valdez 0-0: Called Strike
0-1: SINGLE (Groundball, 34D, EV 98.8 MPH)
David Whitehead to second
Runner from 2nd tries for 3rd, SAFE, throw by RF made to third
Batting: RHB Juan Cruz 0-0: SINGLE (Line Drive, 89S, EV 109.4 MPH)
David Whitehead scores
Randy Valdez to second
Runner from 2nd tries for 3rd, SAFE, throw by RF made to third
Pitching: RHP Dylan Mayes
Pinch Hitting: LHB Ramon Bermudez 0-0: Ball
1-0: Fly out, F7 (Flyball, 78M, EV 80.0 MPH)
Top of the 5th over - 3 runs, 5 hits, 0 errors, 2 left on base; Los Angeles 5 - Oakland 7
BOTTOM OF THE 5TH
Oakland Athletics batting - Pitching for Los Angeles Angels : RHP Paul Pickel
Now at 2B: Nick Kirks
Now at SS: Juan Cruz
Now in RF: Ramon Bermudez
Batting: RHB Randy Fowler 0-0: Called Strike
0-1: Ball
1-1: Foul Ball, location: 2F
1-2: Strikes out looking
Batting: RHB Jerome Bathgate 0-0: Foul Ball, location: 23F
0-1: Foul Ball, location: 9LDF
0-2: Strikes out swinging
Batting: RHB David Reichel 0-0: Ball
1-0: Ball
2-0: Ball
3-0: Base on Balls
Batting: LHB Gene Del Vecchio 0-0: Swinging Strike
0-1: Fielders Choice at 2nd, U4 (Groundball, 4M, EV 86.9 MPH)
Bottom of the 5th over - 0 runs, 0 hits, 0 errors, 1 left on base; Los Angeles 5 - Oakland 7
TOP OF THE 6TH
Los Angeles Angels batting - Pitching for Oakland Athletics : RHP Dylan Mayes
Batting: RHB Tom Aitken 0-0: Ball
1-0: Ball
2-0: Ball
3-0: Base on Balls
Batting: LHB Trevor Martz 0-0: Fly out, F8 (Flyball, 8LXD, EV 100.6 MPH)
Batting: RHB Edgar Pirir 0-0: Called Strike
0-1: Ball
Tom Aitken steals 2nd base
1-1: Ball
2-1: Ball
3-1: Called Strike
3-2: Strikes out swinging
Batting: LHB Matt Evans 0-0: Ball
1-0: Called Strike
1-1: Swinging Strike
1-2: Strikes out swinging
Top of the 6th over - 0 runs, 0 hits, 0 errors, 1 left on base; Los Angeles 5 - Oakland 7
BOTTOM OF THE 6TH
Oakland Athletics batting - Pitching for Los Angeles Angels : RHP Paul Pickel
Batting: RHB Tom Karr 0-0: Foul Ball, location: 23F
0-1: Foul Ball, location: 3FF
0-2: Foul Ball, location: 5F
0-2: Ball
1-2: Ground out 6-3 (Groundball, 6, EV 107.5 MPH)
Batting: RHB Ben Celeste 0-0: Ball
1-0: Swinging Strike
1-1: Swinging Strike
1-2: DOUBLE (Flyball, 8RXD, EV 108.8 MPH)
Batting: LHB Ivan Suarez 0-0: Intentional Walk
Batting: RHB Joey George 0-0: Ball
1-0: Swinging Strike
1-1: Ball
2-1: Foul Ball, location: 23FF
2-2: Foul Ball, location: 2F
2-2: Foul Ball, location: 5FF
2-2: Strikes out swinging
Batting: LHB Pat Wilson 0-0: Called Strike
0-1: Ball
1-1: DOUBLE (Line Drive, 7LS, EV 95.6 MPH)
Ben Celeste scores
Ivan Suarez to third
Batting: RHB Randy Fowler 0-0: Ground out 5-3 (Groundball, 56S, EV 80.0 MPH)
Bottom of the 6th over - 1 run, 2 hits, 0 errors, 2 left on base; Los Angeles 5 - Oakland 8
TOP OF THE 7TH
Los Angeles Angels batting - Pitching for Oakland Athletics : RHP Dylan Mayes
Batting: RHB Nick Kirks 0-0: Called Strike
0-1: Swinging Strike
0-2: Ball
1-2: Fly out, F6 (Line Drive, 6M, EV 76.3 MPH)
Batting: RHB David Whitehead 0-0: SINGLE (Flyball, 3D, EV 95.6 MPH)
Batting: RHB Randy Valdez 0-0: Ball
1-0: Fly out, F6 (Popup, 6, EV 78.1 MPH)
Batting: RHB Juan Cruz 0-0: SINGLE (Line Drive, 34, EV 98.1 MPH)
David Whitehead to second
Batting: LHB Ramon Bermudez 0-0: Ground out 4-3 (Groundball, 4, EV 99.4 MPH)
Top of the 7th over - 0 runs, 2 hits, 0 errors, 2 left on base; Los Angeles 5 - Oakland 8
BOTTOM OF THE 7TH
Oakland Athletics batting - Pitching for Los Angeles Angels : RHP Paul Pickel
Batting: RHB Jerome Bathgate 0-0: Ball
1-0: Called Strike
1-1: Foul Ball, location: 5FF
1-2: Ball
2-2: Strikes out looking
Batting: RHB David Reichel 0-0: Ball
1-0: Called Strike
1-1: Ball
2-1: Ground out 6-3 (Groundball, 56, EV 85.0 MPH)
Pitching: LHP Zach Tymon
Batting: LHB Gene Del Vecchio 0-0: Ball
1-0: Ball
2-0: Ball
3-0: Called Strike
3-1: Base on Balls
Batting: RHB Tom Karr 0-0: Called Strike
0-1: Called Strike
0-2: Foul Ball, location: 9LSF
0-2: Ball
1-2: Ball
2-2: 2-RUN HOME RUN (Flyball, 7D, EV 101.3 MPH), Distance : 388 ft
Batting: RHB Ben Celeste 0-0: Ball
1-0: Ball
2-0: SOLO HOME RUN (Flyball, 7D, EV 99.4 MPH), Distance : 375 ft
Pitching: RHP Chris Kirby
Batting: LHB Ivan Suarez 0-0: Fly out, F3 (Popup, 3SF, EV 71.3 MPH)
Bottom of the 7th over - 3 runs, 2 hits, 0 errors, 0 left on base; Los Angeles 5 - Oakland 11
TOP OF THE 8TH
Los Angeles Angels batting - Pitching for Oakland Athletics : RHP Dylan Mayes
Batting: RHB Tom Aitken 0-0: Ball
1-0: Foul Ball, location: 2F
1-1: Ball
2-1: Called Strike
2-2: Foul Ball, location: 2F
2-2: Strikes out looking
Batting: LHB Trevor Martz 0-0: SINGLE (Groundball, 34S, EV 73.1 MPH) (infield hit)
Batting: RHB Edgar Pirir 0-0: Called Strike
0-1: Ball
1-1: Ball
2-1: Foul Ball, location: 2F
2-2: SINGLE (Flyball, 3D, EV 95.0 MPH)
Trevor Martz to second
Pitching: RHP Ken Iddiols
Batting: LHB Matt Evans 0-0: Ball
1-0: Swinging Strike
1-1: 3-RUN HOME RUN (Flyball, 9D, EV 98.8 MPH), Distance : 395 ft
Batting: RHB Nick Kirks 0-0: Called Strike
0-1: Foul Ball, location: 9LSF
0-2: DOUBLE (Line Drive, 8RXD, EV 105.0 MPH)
Batting: RHB David Whitehead 0-0: Fly out, F7 (Flyball, 7, EV 90.0 MPH)
Batting: RHB Randy Valdez 0-0: Ball
1-0: Foul Ball, location: 3F
1-1: SINGLE (Flyball, 3D, EV 90.6 MPH)
Nick Kirks to third
Runner from 3rd tries for Home, SAFE, throw by RF to home
Batting: RHB Juan Cruz 0-0: Foul Ball, location: 2F
0-1: Fly out, F8 (Flyball, 8LD, EV 99.4 MPH)
Top of the 8th over - 4 runs, 5 hits, 0 errors, 1 left on base; Los Angeles 9 - Oakland 11
BOTTOM OF THE 8TH
Oakland Athletics batting - Pitching for Los Angeles Angels : RHP Chris Kirby
Batting: RHB Joey George 0-0: SINGLE (Line Drive, 7LS, EV 109.4 MPH)
Batting: LHB Pat Wilson 0-0: Single, Error in OF, E9, batter to second base (Groundball, 34D, EV 100.6 MPH)
Joey George to third
Batting: RHB Randy Fowler 0-0: Ball
1-0: Ball
2-0: Ball
3-0: Base on Balls
Batting: RHB Jerome Bathgate 0-0: Called Strike
0-1: Swinging Strike
0-2: Ball
Wild Pitch!
Joey George scores
Pat Wilson to third
Randy Fowler to second
1-2: Ball
2-2: SINGLE (Groundball, 34, EV 106.3 MPH)
Pat Wilson scores
Randy Fowler to third
Batting: RHB David Reichel 0-0: Called Strike
0-1: Ball
1-1: Called Strike
1-2: Foul Ball, location: 5DF
1-2: Foul Ball, location: 5SF
1-2: Fly out, F8 (Line Drive, 8RS, EV 93.1 MPH)
Batting: LHB Gene Del Vecchio 0-0: Called Strike
0-1: Swinging Strike
0-2: Foul Ball, location: 5SF
0-2: Strikes out looking
Batting: RHB Tom Karr 0-0: Fly out, F7 (Line Drive, 7, EV 96.9 MPH)
Bottom of the 8th over - 2 runs, 3 hits, 1 error, 2 left on base; Los Angeles 9 - Oakland 13
TOP OF THE 9TH
Los Angeles Angels batting - Pitching for Oakland Athletics : RHP Ken Iddiols
Batting: LHB Ramon Bermudez 0-0: Ball
1-0: Ball
2-0: Foul Ball, location: 9LSFF
2-1: Called Strike
2-2: Foul Ball, location: 2F
2-2: DOUBLE (Flyball, 8LXD, EV 111.9 MPH)
Batting: RHB Tom Aitken 0-0: Foul Ball, location: 2F
0-1: Swinging Strike
0-2: Ball
1-2: Ground out 1-3 (Groundball, P, EV 73.8 MPH)
Batting: LHB Trevor Martz 0-0: Called Strike
0-1: Foul Ball, location: 7LSF
0-2: Ball
1-2: Strikes out looking
Batting: RHB Edgar Pirir 0-0: Fly out, F7 (Flyball, 78M, EV 88.8 MPH)
Top of the 9th over - 0 runs, 1 hit, 0 errors, 1 left on base; Los Angeles 9 - Oakland 13
Saturday, April 13th , 2024 - OOTP Baseball 24.11 Build 85